 Dungeon Crawl Stone Soup version 0.28.0-53-g5a82cb258f (webtiles) character file.

Game seed: 12110665555219094886

120323 DocClef the Slayer (level 16, -6/167 HPs)
             Began as a Hill Orc Fighter on June 28, 2022.
             Was the Champion of Okawaru.
             Killed from afar by a salamander tyrant (50 damage)
             ... with a flame surge
             ... on level 2 of the Snake Pit.
             The game lasted 00:34:12 (26861 turns).

DocClef the Slayer (Hill Orc Fighter)              Turns: 26861, Time: 00:34:12

Health: -6/167     AC: 33    Str: 32    XL:     16   Next: 82%
Magic:  0/31       EV: 10    Int: 13    God:    Okawaru [******]
Gold:   1686       SH:  7    Dex: 17    Spells: 15/15 levels left

rFire   . . .      SeeInvis +   w - +9 spear "Xakokill" {freeze, rElec Str-3 Dex+3}
rCold   . . .      Faith    .   r - +1 buckler {AC+3}
rNeg    + . .      Spirit   +   C - +5 chain mail of Meomuaps {*Slow MP+9 Str+4 Slay+3}
rPois   +          Reflect  .   t - +2 helmet {Int+3}
rElec   +          Harm     .   K - +2 cloak of Disaster {rF- Regen+ Slay+2 SInv}
rCorr   +          Rampage  .   R - +0 pair of gloves of Impressiveness {rCorr Str+4 Dex+4 Slay+3}
Will    +....                   s - +0 pair of boots
Stlth   ..........              l - amulet of guardian spirit
HPRegen 1.17/turn               P - ring "Weggywa" {rElec rPois rN+ rCorr Int-4}
MPRegen 0.22/turn               T - ring "Ylympif" {rF+ Int+6}

@: weakened
A: no striking features
a: Renounce Religion, Heroism, Finesse, Duel


You were on level 2 of the Snake Pit.
You worshipped Okawaru.
Okawaru was exalted by your worship.
You visited 5 branches of the dungeon, and saw 25 of its levels.
You also visited: Ice Cave.

You collected 1728 gold pieces.
You spent 42 gold pieces at shops.

Inventory:

Hand Weapons
 w - the +9 spear "Xakokill" (weapon) {freeze, rElec Str-3 Dex+3}
   (You found it on level 5 of the Dungeon)

   It freezes those it strikes, dealing additional cold damage.
   It can also slow down cold-blooded creatures.
   Str:       It affects your strength (-3).
   Dex:       It affects your dexterity (+3).
   rElec:     It insulates you from electricity.
Missiles
 v - 6 silver javelins
 F - 3 throwing nets (quivered)
Armour
 r - a +1 buckler of protection (worn)
 s - a +0 pair of boots (worn)
 t - a +2 helmet of intelligence (worn)
 C - the +5 chain mail of Meomuaps (worn) {*Slow MP+9 Str+4 Slay+3}
   (You found it on level 7 of the Dungeon)

   Str:       It affects your strength (+4).
   Slay:      It affects your accuracy & damage with ranged weapons and melee
   (+3).
   MP:        It affects your magic capacity (+9).
   *Slow:     It may slow you when you take damage.
 K - the +2 cloak of Disaster (worn) {rF- Regen+ Slay+2 SInv}
   (Okawaru gifted it to you on level 5 of the Lair of Beasts)

   Slay:      It affects your accuracy & damage with ranged weapons and melee
   (+2).
   rF:        It makes you vulnerable to fire.
   SInv:      It lets you see invisible.
   Regen:     It increases your rate of health regeneration.
 N - a +0 plate armour of cold resistance
 R - the +0 pair of gloves of Impressiveness (worn) {rCorr Str+4 Dex+4 Slay+3}
   (Okawaru gifted it to you on level 12 of the Dungeon)

   Str:       It affects your strength (+4).
   Dex:       It affects your dexterity (+4).
   Slay:      It affects your accuracy & damage with ranged weapons and melee
   (+3).
   rCorr:     It protects you from acid and corrosion.
Jewellery
 l - an amulet of guardian spirit (around neck)
 n - a ring of protection from fire
 u - a ring of protection from fire
 L - a ring of willpower
 P - the ring "Weggywa" (left hand) {rElec rPois rN+ rCorr Int-4}
   (You found it in an ice cave)

   [ring of positive energy]

   Int:       It affects your intelligence (-4).
   rElec:     It insulates you from electricity.
   rPois:     It protects you from poison.
   rN:        It protects you from negative energy.
   rCorr:     It protects you from acid and corrosion.
 T - the ring "Ylympif" (right hand) {rF+ Int+6}
   (You found it on level 12 of the Dungeon)

   [ring of intelligence]

   Int:       It affects your intelligence (+6).
   rF:        It protects you from fire.
 U - a ring of willpower
Wands
 j - a wand of polymorph (7)
 y - a wand of flame (30)
 E - a wand of iceblast (12)
 O - a wand of paralysis (18)
Scrolls
 a - 2 scrolls of enchant armour
 b - 15 scrolls of identify
 c - 4 scrolls of brand weapon {unknown}
 e - 6 scrolls of amnesia
 f - 6 scrolls of silence
 g - 11 scrolls of teleportation
 k - a scroll of holy word
 B - a scroll of magic mapping
 I - 4 scrolls of fear
 J - a scroll of fog
 Q - a scroll of blinking {unknown}
 V - a scroll of enchant weapon {unknown}
 X - a scroll of acquirement {unknown}
 Z - a scroll of summoning {unknown}
Potions
 d - 7 potions of might
 h - 13 potions of curing
 i - 2 potions of berserk rage
 m - 3 potions of magic
 o - 4 potions of haste
 p - 8 potions of mutation
 q - 7 potions of heal wounds
 x - 7 potions of attraction
 z - 3 potions of lignification
 A - a potion of cancellation
 D - 6 potions of ambrosia
 M - 2 potions of invisibility
 S - a potion of resistance {unknown}
 Y - 2 potions of flight
Miscellaneous
 W - a condenser vane


   Skills:
 - Level 21.0 Fighting
 - Level 6.6 Maces & Flails
 - Level 17.0 Polearms
 - Level 17.0 Armour
 + Level 1.8 Dodging
 - Level 5.2 Shields
 - Level 9.2 Invocations


You had 15 spell levels left.
You didn't know any spells.
Your spell library contained the following spells:

 Spells                   Type           Power      Damage    Failure   Level
 Blink                    Tloc           0%         N/A       86%         2
 Corpse Rot               Necr/Air       0%         N/A       86%         2
 Ensorcelled Hibernation  Hex/Ice        0%         N/A       86%         2
 Passwall                 Tmut/Erth      0%         N/A       86%         2
 Poisonous Vapours        Pois/Air       0%         N/A       86%         2
 Static Discharge         Conj/Air       0%         N/A       86%         2
 Dazzling Flash           Conj/Hex       0%         N/A       98%         3
 Gell's Gravitas          Tloc           0%         N/A       98%         3
 Lesser Beckoning         Tloc           0%         N/A       98%         3
 Swiftness                Air            0%         N/A       98%         3
 Teleport Other           Tloc           0%         N/A       98%         3
 Leda's Liquefaction      Hex/Erth       0%         N/A       100%        4
 Agony                    Necr           0%         N/A       100%        5
 Lee's Rapid Deconstruct  Erth           0%         3d5*      100%        5
 Manifold Assault         Tloc           0%         N/A       100%        5
 Silence                  Hex/Air        0%         N/A       100%        5
 Dispersal                Tloc           0%         N/A       100%        6
 Starburst                Conj/Fire      0%         6d3       100%        6
 Statue Form              Tmut/Erth      0%         N/A       100%        6
 Orb of Destruction       Conj           0%         9d5       100%        7


Dungeon Overview and Level Annotations

Branches:
Dungeon (15/15)            Temple (1/1) D:7            Lair (6/6) D:10
 Shoals (0/4) Lair:4        Snake (2/4) Lair:2        Slime (1/5) Lair:5
    Orc (0/2) D:11         Vaults (0/5) D:14         Depths (0/4) D:15
  IceCv (visited)

Altars:
Ashenzari
Cheibriados
Dithmenos
Elyvilon
Fedhas
Gozag
Hepliaklqana
Kikubaaqudgha
Makhleb
Nemelex Xobeh
Okawaru
Qazlal
Ru
Sif Muna
Trog
Uskayaw
Vehumet
Wu Jian
Xom
Yredelemnul
Zin
The Shining One
Beogh

Shops:
D:8 !   D:9 *   D:10 =   D:12 !!

Annotations:
D:14 Roxanne
Lair:3 1 runed translucent door, Palms's ghost, journeyman TrTm


Message History

You are engulfed in flames!
You reach to attack!
You impale the salamander!! You freeze the salamander!!
You kill the salamander!
Okawaru accepts your kill.
You reach to attack!
You closely miss the guardian serpent.
A salamander tyrant comes into view.
The salamander barely misses you.
The salamander hits you from afar with a +0 spear!
You are engulfed in flames!
You reach to attack!
You puncture the guardian serpent! You freeze the guardian serpent.
The guardian serpent is moderately wounded.
A naga mage comes into view. It is wielding a +0 flail.
You puncture the guardian serpent! You freeze the guardian serpent.
The guardian serpent is severely wounded.
The guardian serpent hits you!
The salamander hits you from afar with a +0 spear.
You are engulfed in flames!
The salamander hits you from afar with a +0 halberd!
You are engulfed in flames!
You are too injured to fight recklessly!
You impale the guardian serpent!! You freeze the guardian serpent.
You kill the guardian serpent!
Okawaru accepts your kill.
The naga mage mumbles some strange words.
The naga mage seems to speed up.
The salamander barely misses you. The salamander misses you.
The salamander hits you but does no damage.
The salamander tyrant gazes fiercely through you!
You feel your attacks grow feeble.
The naga mage gestures at something while chanting.
The salamander tyrant rends the earth beneath you!
The blast of magma engulfs you!!
* * * LOW HITPOINT WARNING * * *
The salamander tyrant gazes fiercely through you!
You feel as though you will be weak longer.
The salamander hits you but does no damage.
The salamander tyrant calls gouts of flame from the lava!
The flame surge hits you!!!
You die...

......# #....#.###+++# #.
.......#...#... ..##
#.....#...#.# #....
#...........###...##
.#########.......#.......#
...................#......
.#...........#............ #
.......#..@......#>.)N.... ###.
.....###..≈..NNNNN(†# ...
####....##≈.≈NN.$##.....#
.############....≈≈........####
..............................
...).....#######...##...=$..##
....###### #.?...#......# ....#
#....#...###### ...##
#.......##


You could see a salamander tyrant, 4 salamanders, a naga mage (fast) and a naga.

Vanquished Creatures
  Azrael (Snake:1)
  A fire dragon (D:15)
  2 vault guards (D:14)
  Harold (Lair:2)
  2 ogre magi
  12 hydras
  9 boulder beetles
  2 anacondas (Snake:1)
  Erica (D:10)
  6 centaur warriors
  A catoblepas (Lair:6)
  11 two-headed ogres
  10 death yaks
  A deep troll shaman (Lair:6)
  3 naga sharpshooters (Snake:1)
  A shock serpent (Snake:1)
  A fire crab (Lair:6)
  A glowing orange brain (D:15)
  A naga ritualist (Snake:1)
  5 orc knights
  A harpy (shapeshifter) (D:15)
  A necromancer (IceCv)
  22 ugly things
  3 deep elf pyromancers
  6 cyclopes
  A faun (shapeshifter) (D:15)
  2 mana vipers (Snake:1)
  A manticore (D:12)
  3 salamanders
  11 elephants
  Joseph (D:7)
  2 guardian serpents
  An ice statue (IceCv)
  3 gargoyles
  10 cane toads
  2 naga magi (Snake:1)
  A torpor snail (Lair:5)
  14 black mambas
  A rime drake (shapeshifter) (D:15)
  An efreet (D:11)
  5 freezing wraiths
  4 unseen horrors
  2 rime drakes
  8 komodo dragons
  11 ice devils (IceCv)
  2 yaktaurs
  An anaconda simulacrum (IceCv)
  2 tengu conjurers (D:15)
  8 trolls
  2 entropy weaver simulacra (IceCv)
  6 meliai
  6 polar bears
  14 slime creatures
  A hornet (D:12)
  16 blink frogs
  10 dream sheep
  A water elemental (D:14)
  A shadow (D:9)
  7 wyverns
  A centaur simulacrum (D:12)
  3 wraiths
  A vampire (D:12)
  2 humans (D:14)
  54 yaks
  3 fire elementals (Snake:1)
  2 humans (shapeshifter) (D:15)
  A steam dragon (D:9)
  5 basilisks
  7 vampire mosquitoes (D:12)
  A basilisk (shapeshifter) (D:13)
  2 death yak simulacra (IceCv)
  3 harpy simulacra (IceCv)
  11 nagas
  An acid dragon (D:10)
  Duvessa (D:5)
  26 water moccasins
  A hell hound (Snake:1)
  7 orc warriors
  6 black bears
  2 ice beasts
  3 sky beasts
  25 wolves
  17 centaurs
  An ogre (D:6)
  A kobold brigand (D:10)
  3 gnoll sergeants
  13 bullfrogs
  A wyvern skeleton (D:7)
  A water moccasin zombie (D:5)
  6 cane toad simulacra (IceCv)
  4 two-headed ogre simulacra (IceCv)
  Dowan (D:5)
  13 killer bees
  An elephant simulacrum (IceCv)
  3 wights (D:7)
  4 centaur zombies
  2 hounds
  9 jellies
  7 orc priests
  2 bullfrog skeletons
  2 centaur skeletons
  A gnoll shaman (D:7)
  Crazy Yiuf (D:5)
  Jessica (D:3)
  Terence (D:3)
  7 orc wizards
  2 iguanas
  A troll simulacrum (IceCv)
  5 polar bear simulacra (IceCv)
  6 wolf simulacra (IceCv)
  A killer bee zombie (D:9)
  Robin (D:3)
  20 gnolls
  2 adders
  A naga simulacrum (IceCv)
  A white imp (D:6)
  An ufetubus (D:3)
  An adder zombie (D:5)
  A worm (D:3)
  2 dart slugs (D:1)
  49 orcs
  6 ball pythons
  6 endoplasms
  2 giant cockroaches
  7 goblins (D:3)
  8 hobgoblins
  2 jackals (D:5)
  3 quokkas
  7 bats
  A frilled lizard (D:2)
  9 kobolds
  A rat (D:1)
  A butterfly (Lair:4)
683 creatures vanquished.

Vanquished Creatures (others)
  A wizard (D:14)
  A shadow (D:13)
  A bush (Lair:6)
  22 fungi
  30 plants
55 creatures vanquished.

Grand Total: 738 creatures vanquished

Notes
Turn   | Place    | Note
-------+----------+-------------------------------------------
     0 | D:1      | DocClef the Hill Orc Fighter began the quest for the Orb.
     0 | D:1      | Reached XP level 1. HP: 19/19 MP: 1/1
   268 | D:1      | Reached skill level 4 in Fighting
   307 | D:1      | Reached XP level 2. HP: 28/28 MP: 2/2
  1012 | D:2      | Reached skill level 5 in Fighting
  1012 | D:2      | Reached XP level 3. HP: 4/36 MP: 3/3
  1667 | D:2      | Reached XP level 4. HP: 44/44 MP: 4/4
  1701 | D:2      | Found a faded altar of an unknown god.
  1965 | D:3      | Noticed Terence
  2451 | D:3      | Killed Terence
  2452 | D:3      | Reached skill level 6 in Fighting
  2765 | D:3      | Noticed Jessica
  2777 | D:3      | Killed Jessica
  2778 | D:3      | Reached XP level 5. HP: 47/51 MP: 5/5
  2821 | D:3      | Noticed Robin
  2846 | D:3      | Killed Robin
  3372 | D:4      | Noticed a steam dragon
  3439 | D:4      | Reached XP level 6. HP: 42/58 MP: 6/6
  3848 | D:5      | Entered Level 5 of the Dungeon
  4037 | D:5      | Noticed a sky beast
  4059 | D:5      | Killed a sky beast
  4060 | D:5      | Reached skill level 7 in Fighting
  4060 | D:5      | Reached skill level 5 in Maces & Flails
  4463 | D:5      | Identified the +9 spear "Xakokill" {freeze, rElec Str-3
                  | Dex+3}
  4522 | D:5      | Noticed Dowan
  4523 | D:5      | Noticed Duvessa
  4535 | D:5      | Killed Duvessa
  4536 | D:5      | Reached XP level 7. HP: 23/66 MP: 7/7
  4539 | D:5      | Killed Dowan
  4961 | D:5      | Found a shimmering altar of Xom.
  5123 | D:5      | Found a runed translucent door.
  5124 | D:5      | Noticed Crazy Yiuf
  5129 | D:5      | Killed Crazy Yiuf
  5371 | D:6      | Reached skill level 8 in Fighting
  5371 | D:6      | Reached skill level 1 in Polearms
  5445 | D:6      | Reached XP level 8. HP: 71/74 MP: 8/8
  6416 | D:6      | Reached skill level 9 in Fighting
  6637 | D:6      | Reached skill level 5 in Polearms
  7052 | D:7      | Found a staircase to the Ecumenical Temple.
  7089 | Temple   | Entered the Ecumenical Temple
  7367 | Temple   | Became a worshipper of Warmaster Okawaru
  7401 | D:7      | Reached XP level 9. HP: 77/85 MP: 9/9
  7452 | D:7      | Reached skill level 10 in Fighting
  7464 | D:7      | Noticed Joseph
  7472 | D:7      | Killed Joseph
  7628 | D:7      | Identified the +5 chain mail of Meomuaps {*Slow MP+9 Str+4
                  | Slay+3}
  7844 | D:7      | Reached * piety under Okawaru
  7995 | D:7      | Noticed a two-headed ogre
  8002 | D:7      | Killed a two-headed ogre
  8003 | D:7      | Reached skill level 11 in Fighting
  8542 | D:8      | Reached XP level 10. HP: 96/96 MP: 10/10
  8575 | D:8      | Reached ** piety under Okawaru
  8592 | D:8      | Reached skill level 10 in Polearms
  8776 | D:8      | Found Odup's Distillery.
  8784 | D:8      | Bought a potion of degeneration for 15 gold pieces
  9031 | D:9      | Found Fyadghanu's Assorted Antiques.
  9099 | D:9      | Bought a scroll labelled TITUOP FOSEME for 27 gold pieces
  9398 | D:9      | Noticed a two-headed ogre
  9410 | D:9      | Killed a two-headed ogre
  9410 | D:9      | Reached *** piety under Okawaru
  9544 | D:9      | Noticed a two-headed ogre
  9552 | D:9      | Killed a two-headed ogre
  9553 | D:9      | Reached skill level 12 in Fighting
  9855 | D:10     | Entered Level 10 of the Dungeon
  9875 | D:10     | Noticed a two-headed ogre
  9903 | D:10     | Noticed an elephant
  9930 | D:10     | Killed an elephant
  9934 | D:10     | Reached **** piety under Okawaru
  9949 | D:10     | Found a staircase to the Lair.
  9974 | D:10     | Reached skill level 13 in Fighting
  9995 | D:10     | Reached XP level 11. HP: 107/107 MP: 11/11
 10102 | D:10     | Reached skill level 1 in Invocations
 10191 | D:10     | Found Inoene's Jewellery Shop.
 10284 | D:10     | Noticed Erica
 10290 | D:10     | Killed Erica
 10512 | D:10     | Noticed a two-headed ogre
 10521 | D:10     | Killed a two-headed ogre
 10521 | D:10     | Reached ***** piety under Okawaru
 10665 | D:10     | Identified the +6 war axe of Starshine {drain, rF+ Str-4
                  | Dex+2 Stlth+}
 10900 | Lair:1   | Entered Level 1 of the Lair of Beasts
 11160 | Lair:1   | Reached skill level 5 in Armour
 11306 | Lair:1   | Noticed a five-headed hydra
 11317 | Lair:1   | Killed a five-headed hydra
 11475 | Lair:1   | Received a gift from Okawaru
 11750 | Lair:1   | Reached XP level 12. HP: 115/115 MP: 18/18
 12286 | Lair:2   | Noticed Harold
 12308 | Lair:2   | Killed Harold
 12430 | Lair:2   | Got the Volume of Attacks and the Birds
 12591 | Lair:2   | Found a staircase to the Snake Pit.
 12608 | Lair:2   | Reached skill level 10 in Armour
 12639 | Lair:2   | Reached ****** piety under Okawaru
 12877 | Lair:2   | Received a gift from Okawaru
 14202 | Lair:3   | Noticed a boulder beetle
 14218 | Lair:3   | Killed a boulder beetle
 14221 | Lair:3   | Noticed a seven-headed hydra
 14230 | Lair:3   | Killed a seven-headed hydra
 14389 | Lair:3   | Noticed Palms's ghost (journeyman TrTm)
 14392 | Lair:3   | Found a runed translucent door.
 14943 | Lair:4   | Reached XP level 13. HP: 122/122 MP: 19/19
 15106 | Lair:4   | Found a staircase to the Shoals.
 15619 | Lair:4   | Received a gift from Okawaru
 15639 | Lair:4   | Reached skill level 15 in Armour
 16938 | Lair:5   | Found a staircase to the Slime Pits.
 17320 | Lair:5   | Identified the +2 cloak of Disaster {rF- Regen+ Slay+2
                  | SInv} (Okawaru gifted it to you on level 5 of the Lair of
                  | Beasts)
 17320 | Lair:5   | Received a gift from Okawaru
 17875 | Lair:5   | Reached XP level 14. HP: 112/130 MP: 20/20
 17930 | Lair:5   | Reached skill level 14 in Fighting
 17949 | Lair:5   | Identified the +5 great mace of the Sugar Beet {vorpal,
                  | Drain rCorr Str+9 Stlth+}
 18274 | Slime:1  | Entered Level 1 of the Pits of Slime
 18274 | Slime:1  | Noticed an acid blob
 18347 | Lair:6   | Entered Level 6 of the Lair of Beasts
 18516 | Lair:6   | Identified the +1 falchion of Evil {vorpal, Fly}
 18605 | Lair:6   | Reached skill level 15 in Fighting
 18657 | Lair:6   | Identified the +8 quarterstaff "Naam" {vamp, rN+ MP+9 Str+4
                  | Stlth-} (Okawaru gifted it to you on level 6 of the Lair of
                  | Beasts)
 18657 | Lair:6   | Received a gift from Okawaru
 19016 | Lair:6   | Reached skill level 16 in Fighting
 19285 | Lair:6   | Reached skill level 17 in Fighting
 19973 | D:11     | Found a roughly hewn altar of Beogh.
 19973 | D:11     | Found a staircase to the Orcish Mines.
 19998 | D:11     | Received a gift from Okawaru
 20373 | D:11     | Found a sacrificial altar of Ru.
 20843 | D:12     | Reached skill level 18 in Fighting
 20845 | D:12     | Found a frozen archway.
 20859 | IceCv    | Entered an ice cave
 21304 | IceCv    | Found an ancient bone altar of Kikubaaqudgha.
 21347 | IceCv    | Reached XP level 15. HP: 99/150 MP: 15/21
 21635 | IceCv    | Reached skill level 19 in Fighting
 21732 | IceCv    | Identified the ring "Weggywa" {rElec rPois rN+ rCorr Int-4}
 22065 | D:12     | Found Fis Iwn's Distillery.
 22092 | D:12     | Found Mioda's Distillery.
 22472 | D:12     | Identified the +0 pair of gloves of Impressiveness {rCorr
                  | Str+4 Dex+4 Slay+3} (Okawaru gifted it to you on level 12
                  | of the Dungeon)
 22472 | D:12     | Received a gift from Okawaru
 22576 | D:12     | Reached skill level 20 in Fighting
 22599 | D:12     | Identified the ring "Ylympif" {rF+ Int+6}
 23530 | D:13     | Reached skill level 21 in Fighting
 24002 | D:13     | Reached skill level 5 in Shields
 24118 | D:14     | Noticed Roxanne
 24494 | D:14     | Received a gift from Okawaru
 24613 | D:14     | Found a gate to the Vaults.
 24811 | D:14     | Reached XP level 16. HP: 144/167 MP: 22/22
 25025 | D:15     | Entered Level 15 of the Dungeon
 25280 | D:15     | Found an ornate altar of the Wu Jian Council.
 25395 | D:15     | Reached skill level 15 in Polearms
 25723 | D:15     | Received a gift from Okawaru
 25776 | D:15     | Found a staircase to the Depths.
 26067 | Snake:1  | Entered Level 1 of the Snake Pit
 26470 | Snake:1  | Noticed Azrael
 26484 | Snake:1  | Killed Azrael
 26492 | Snake:1  | Paralysed by a naga for 4 turns
 26611 | Snake:1  | Reached skill level 1 in Dodging
 26861 | Snake:2  | Killed from afar by a salamander tyrant

Illustrated notes

Levels and vault maps discovered:
D:1:      mrwooster_arrival_statue_3, layout_basic
D:2:      layout_loops_corners, shapermc_ecumenical_altar_mp_urbaneastern
D:3:      cheibrodos_helix_gallery, layout_basic, kennysheep_generic_room_13,
          uniq_terence, uniq_jessica, uniq_robin
D:4:      layout_basic
D:5:      layout_rooms, mainiacjoe_overflow_six_doors_small,
          amcnicky_mini_rare_corridor_liquid, uniq_crazy_yiuf_cottage,
          uniq_duvessa
D:6:      layout_layer_cave
D:7:      layout_gridville, minmay_temple_entry_glass, uniq_joseph
D:8:      layout_basic, serial_shops, shop
D:9:      layout_rooms, serial_shops, shop
D:10:     layout_basic, david_lair_generic, serial_shops, shop,
          lightli_corner_chamber, uniq_erica
D:11:     layout_basic, david_orc_5, minmay_splitting_lines,
          nicolae_ru_awakened_eye
D:12:     minmay_the_grid_octo_tiled_squarecenter [minmay_the_grid_octo_empty,
          minmay_the_grid_octo_clover, minmay_the_grid_octo_clover_2,
          minmay_the_grid_octo_fan_narrow,
          minmay_the_grid_square_5x5_megaprize_open,
          minmay_the_grid_square_5x5_checkered_statues,
          minmay_the_grid_square_5x5_minibox, minmay_the_grid_square_5x5_meh,
          minmay_the_grid_square_5x5_comb], layout_basic,
          portal_ice_cave_entry_pillars_2, serial_shops, shop,
          nicolae_shop_hallway_stairs, kennysheep_generic_room_16
D:13:     layout_roguey
D:14:     layout_rooms, grunt_vaults_entry_fortified, kennysheep_big_empty_room,
          uniq_roxanne
D:15:     gammafunk_enter_depths_forms, layout_basic, lemuel_tele_altar
Temple:   nicolae_temple_the_god_donut
Lair:1:   layout_roguey, lemuel_fruit_tree, grunt_megastairs_5
Lair:2:   layout_cave_pods, minmay_snake_entry_six_corridors, serial_rivers,
          chequers_serial_rivers_marsh, chequers_serial_rivers_small_3,
          chequers_serial_rivers_micro_d, chequers_serial_rivers_large_b,
          minivault_19, uniq_harold
Lair:3:   layout_gridlike, hellmonk_ghost_happy_afterlife
Lair:4:   layout_cave_pods, minmay_shoals_entry_centaurs,
          hangedman_lair_generics_rect, lemuel_fruit_fields
Lair:5:   layout_regular_city, nicolae_slime_entry_slimehenge,
          infiniplex_staircase_pool_2, serial_bayou_shore_b, grunt_megastairs_4
Lair:6:   grunt_lair_end_beastmaster, layout_big_grid,
          chequers_serial_rivers_large_a, eino_small_chamber_without_monster
Snake:1:  layout_rooms, special_room, uniq_azrael
Snake:2:  cheibrodos_snake_lava_hold, layout_misc_corridors
Slime:1:  layout_caves, cheibrodos_slime_lost_civilization_5

Skill      XL: |  1  2  3  4  5  6  7  8  9 10 11 12 13 14 15 16 |
---------------+-------------------------------------------------+-----
Fighting       | 4 5 6 7 8 9 11 13 18 21 | 21.0
Maces & Flails | 3 4 5 6 |  6.6
Polearms       | 2 5 9 12 13 17 | 17.0
Invocations    | 9 |  9.2
Armour         | 8 13 17 | 17.0
Shields        | 5 |  5.2
Dodging        | 1 |  1.8

Action                   |  1- 3 |  4- 6 |  7- 9 | 10-12 | 13-15 | 16-18 || total
-------------------------+-------+-------+-------+-------+-------+-------++-------
Melee: Flail             |    78 |   128 |       |       |       |       ||   206
       Unarmed           |       |    26 |       |       |       |       ||    26
       Spear             |       |    13 |   180 |   520 |  1476 |   385 ||  2574
Invok: Heroism           |       |       |       |     4 |     8 |     1 ||    13
       Finesse           |       |       |       |     1 |     7 |     1 ||     9
  Use: Scroll            |       |       |       |    19 |     3 |       ||    22
       Potion            |       |       |       |     1 |     1 |       ||     2
 Stab: Distracted        |       |       |       |     1 |       |       ||     1
       Petrifying        |       |       |       |       |     1 |       ||     1
Armor: Scale mail        |    33 |    60 |    49 |       |       |       ||   142
       Skin              |       |     1 |       |       |       |       ||     1
       Chain mail        |       |       |    27 |   160 |   490 |   103 ||   780
       Plate armour      |       |       |       |       |    34 |       ||    34
Dodge: Dodged            |    52 |    81 |    68 |    94 |   291 |    47 ||   633
Block: Buckler           |    29 |    27 |    30 |    57 |   182 |    43 ||   368
